 Dungeon Crawl Stone Soup version 0.19.1 (webtiles) character file.

2609 JeffiDaFish the Basher (level 9, -6/55 HPs)
             Began as a Gargoyle Fighter on Dec 3, 2016.
             Was a Follower of Makhleb.
             Killed by Freeze
             ... invoked by Letos's ghost
              (21 damage)
             ... on level 7 of the Dungeon.
             The game lasted 00:17:38 (4866 turns).

JeffiDaFish the Basher (Gargoyle Fighter)           Turns: 4866, Time: 00:17:38

Health: -6/55      AC: 23    Str: 21    XL:     9   Next: 59%
Magic:  9/9        EV:  7    Int:  9    God:    Makhleb [*.....]
Gold:   292        SH: 16    Dex: 11    Spells: 0 memorised, 8 levels left

rFire  + . .     SeeInvis .     a - +2 flail
rCold  . . .     Gourm    .     q - +0 chain mail {rF+}
rNeg   + . .     Faith    .     u - +0 large shield
rPois  ∞         Spirit   .     r - +0 helmet
rElec  +         Reflect  .     n - +0 cloak
rCorr  +         Harm     .     d - +2 pair of gloves
MR     .....                    e - +1 pair of boots
Stlth  ..........               i - amulet of regeneration
                                m - +2 ring of evasion
                                k - ring of resist corrosion

@: no status effects
A: negative energy resistance 1, electricity resistance, unbreathing,
petrification resistance, rot immunity, AC +5
a: Renounce Religion


You were on level 7 of the Dungeon.
You worshipped Makhleb.
Makhleb was aware of your devotion.
You were not hungry.

You visited 2 branches of the dungeon, and saw 8 of its levels.

You collected 292 gold pieces.

Inventory:

Hand Weapons
 a - a +2 flail (weapon)
Armour
 d - a +2 pair of gloves (worn)
 e - a +1 pair of boots (worn)
 n - a +0 cloak (worn)
 q - a +0 chain mail of fire resistance (worn)
 r - a +0 helmet (worn)
 u - a +0 large shield (worn)
Jewellery
 i - an amulet of regeneration (around neck)
 k - a ring of resist corrosion (left hand)
 m - a +2 ring of evasion (right hand)
Wands
 j - a wand of flame (32/48)
Scrolls
 b - 2 scrolls of identify
 c - a scroll of fog
 t - a scroll of remove curse
Potions
 l - 2 potions of flight
 s - a potion of ambrosia
Comestibles
 f - 4 bread rations
 g - 7 fruits
 h - a slice of pizza
 p - 2 meat rations
 w - a beef jerky
 x - 4 chunks of flesh


   Skills:
 + Level 6.0 Fighting
 + Level 8.2 Maces & Flails
 + Level 6.0 Armour
 + Level 3.0 Dodging
 + Level 1.0 Stealth
 + Level 7.6 Shields


You had 8 spell levels left.
You didn't know any spells.

Dungeon Overview and Level Annotations

Branches:
Dungeon (7/15)             Temple (1/1) D:4

Altars:
Ashenzari
Cheibriados
Dithmenos
Elyvilon
Fedhas
Gozag
Kikubaaqudgha
Makhleb
Nemelex Xobeh
Okawaru
Qazlal
Ru
Uskayaw
Vehumet
Xom
The Shining One

Annotations:
D:5 Prince Ribbit
D:7 Letos's ghost, novice MfIE


Innate Abilities, Weirdness & Mutations

You are resistant to torment.
Your stone body is resilient. (AC +5)
You are immune to poison.
You resist negative energy. (rN+)
You are resistant to electric shocks. (rElec)
You can survive without breathing.
You are immune to petrification.
You are immune to rotting.


Message History

You hit Letos's ghost but do no damage.
Letos's ghost is moderately damaged.
Letos's ghost hits you but does no damage.
Letos's ghost grins evilly.
Letos's ghost hits you.
You hit Letos's ghost but do no damage.
Letos's ghost is moderately damaged.
Letos's ghost casts a spell at you.
You are frozen.
* * * LOW HITPOINT WARNING * * *
You feel better.
Letos's ghost hits you but does no damage.
You barely miss Letos's ghost.
Letos's ghost is moderately damaged.
Letos's ghost hits you but does no damage.
You hit Letos's ghost.
Letos's ghost is moderately damaged.
Letos's ghost gestures at you while chanting.
You are frozen.
You die...

#........#####)######
....##....## ##.....#
#. #.....## #..####
#..##..###.## ####
.....###..##.####..#
##....# ##.....##.###
#......##...##..##
#...##......###..#####
...# ##.##.@# #.#.<#.#
#. ##W# #.###.# . #.!
#.# #.# . .....## ###
.. ..... ....### .?.?#
......


You could see Letos's ghost.

Vanquished Creatures
  The ghost of Letos the Insei, a novice MfIE (D:5)
  Grinder (D:3)
  Sigmund (D:3)
  Eustachio (D:5)
  Menkaure (D:6)
  Edmund (D:5)
  An ice beast (D:5)
  2 ogres (D:5)
  A sky beast (D:7)
  3 centaurs
  2 bullfrogs
  A scorpion (D:5)
  A howler monkey (D:5)
  A crimson imp (D:5)
  6 orc wizards
  2 hounds
  2 orc priests
  Crazy Yiuf (D:3)
  Terence (D:2)
  7 worker ants
  A hound skeleton (D:6)
  Robin (D:3)
  A gnoll (D:1)
  6 adders
  An ooze (D:2)
  An adder skeleton (D:6)
  2 adder zombies
  3 worms
  2 dart slugs (D:3)
  2 leopard geckos
  31 orcs
  3 giant cockroaches
  16 goblins
  13 hobgoblins
  6 jackals
  A quokka (D:6)
  2 ball pythons
  8 bats
  A frilled lizard (D:5)
  8 kobolds
  8 rats
154 creatures vanquished.

Notes
Turn   | Place    | Note
-------+----------+-------------------------------------------
     0 | D:1      | JeffiDaFish the Gargoyle Fighter began the quest for the Orb.
     0 | D:1      | Reached XP level 1. HP: 14/14 MP: 1/1
    66 | D:1      | Reached XP level 2. HP: 17/19 MP: 2/2
   569 | D:1      | Reached XP level 3. HP: 24/24 MP: 3/3
  1049 | D:2      | Noticed Terence
  1057 | D:2      | Killed Terence
  1057 | D:2      | Reached XP level 4. HP: 29/29 MP: 4/4
  1214 | D:2      | Reached skill level 3 in Maces & Flails
  1485 | D:3      | Noticed Sigmund
  1502 | D:3      | Killed Sigmund
  1502 | D:3      | Reached skill level 4 in Maces & Flails
  1502 | D:3      | Reached skill level 1 in Dodging
  1502 | D:3      | Reached XP level 5. HP: 19/33 MP: 5/5
  1502 | D:3      | Reached XP level 6. HP: 23/38 MP: 6/6
  1684 | D:3      | Noticed Grinder
  1704 | D:3      | Killed Grinder
  1704 | D:3      | Reached skill level 5 in Shields
  1704 | D:3      | Reached XP level 7. HP: 35/44 MP: 7/7
  1763 | D:3      | Found a runed door.
  1767 | D:3      | Noticed Crazy Yiuf
  1773 | D:3      | Killed Crazy Yiuf
  1821 | D:3      | Noticed Robin
  1843 | D:3      | Killed Robin
  2637 | D:4      | Reached skill level 5 in Maces & Flails
  3065 | D:4      | Found a staircase to the Ecumenical Temple.
  3077 | Temple   | Entered the Ecumenical Temple
  3162 | Temple   | Became a worshipper of Makhleb the Destroyer
  3231 | D:5      | Entered Level 5 of the Dungeon
  3242 | D:5      | Reached XP level 8. HP: 48/48 MP: 8/8
  3256 | D:5      | Noticed Letos's ghost (novice MfIE)
  3275 | D:5      | Reached skill level 5 in Armour
  3300 | D:5      | Killed Letos's ghost
  3300 | D:5      | Reached skill level 5 in Fighting
  3300 | D:5      | Reached skill level 6 in Maces & Flails
  3449 | D:5      | Noticed Edmund
  3465 | D:5      | Killed Edmund
  3465 | D:5      | Reached skill level 7 in Maces & Flails
  3465 | D:5      | Reached XP level 9. HP: 53/54 MP: 9/9
  3508 | D:5      | Reached * piety under Makhleb
  3642 | D:5      | Noticed Prince Ribbit
  3718 | D:5      | Noticed Eustachio
  3728 | D:5      | Killed Eustachio
  3895 | D:5      | Reached skill level 1 in Stealth
  3905 | D:5      | Found a shimmering altar of Xom.
  4003 | D:6      | Noticed Menkaure
  4008 | D:6      | Killed Menkaure
  4719 | D:7      | Reached skill level 8 in Maces & Flails
  4844 | D:7      | Noticed Letos's ghost (novice MfIE)
  4866 | D:7      | Killed from afar by Letos's ghost

Skill      XL: |  1  2  3  4  5  6  7  8  9 |
---------------+----------------------------+-----
Maces & Flails | 4 5 7 8 |  8.2
Shields        | 4 5 6 7 |  7.6
Fighting       | 4 5 6 |  6.0
Armour         | 4 5 6 |  6.0
Dodging        | 1 2 3 |  3.0
Stealth        | 1 |  1.0

Action                   |  1- 3 |  4- 6 |  7- 9 || total
-------------------------+-------+-------+-------++-------
Melee: Flail             |   105 |   151 |   469 ||   725
  Use: Scroll            |     1 |     3 |    10 ||    14
       Potion            |     1 |     3 |     5 ||     9
  Eat: Chunk             |     1 |     2 |    11 ||    14
Armor: Scale mail        |    62 |    81 |   136 ||   279
       Chain mail        |       |       |    67 ||    67
Dodge: Dodged            |    40 |    58 |   141 ||   239
Block: Shield            |    59 |    93 |   164 ||   316
       Large shield      |       |       |   113 ||   113
